 Dungeon Crawl Stone Soup version 0.28-a0-1236-gb25a51b929 (webtiles) character file.

Game seed: 2083053229313021582

93 Armakuni the Skirmisher (level 4, -1/72 HPs)
             Began as an Ogre Transmuter on Dec 25, 2021.
             Slain by a white imp (5 damage)
             ... on level 2 of the Dungeon.
             The game lasted 00:02:47 (1802 turns).

Armakuni the Skirmisher (Ogre Transmuter)           Turns: 1802, Time: 00:02:47

Health: -1/72      AC:  3    Str: 14    XL:     4   Next: 62%
Magic:  4/7        EV:  9    Int: 16    God:
Gold:   84         SH:  0    Dex:  9    Spells: 1/7 levels left

rFire   . . .      SeeInvis .     - Unarmed
rCold   . . .      Faith    .   (no shield)
rNeg    . . .      Spirit   .   a - +0 robe
rPois   .          Reflect  .   (helmet currently unavailable)
rElec   .          Harm     .   (no cloak)
rCorr   .          Rampage  .   (gloves unavailable)
Will    .....                   (boots unavailable)
Stlth   ..........              (no amulet)
HPRegen 0.22/turn               (no ring)
MPRegen 0.10/turn               (no ring)

@: berserking, appendages (expiring), very quick
A: horns 2, talons 2, large, unfitting armour, tough skin 1
a: End Transformation


You were on level 2 of the Dungeon.
You had temporarily grown beastly horns and talons.
You visited 1 branch of the dungeon, and saw 3 of its levels.

You collected 84 gold pieces.

Inventory:

Armour
 a - a +0 robe (worn)
Scrolls
 b - 5 scrolls of identify {unknown}
 d - a scroll of teleportation {unknown}
 f - a scroll of vulnerability {unknown}
Potions
 e - a potion of curing {unknown}


   Skills:
 + Level 4.1 Fighting
 - Level 1.7 Dodging
 - Level 2.6 Unarmed Combat
 - Level 2.4 Spellcasting
 + Level 3.2 Transmutations


You had one spell level left.
You knew the following spells:

 Your Spells              Type           Power      Damage    Failure   Level
a - Beastly Appendage     Tmut           24%        N/A       5%          1
h - Spider Form           Tmut/Pois      7%         N/A       30%         3
w - Wereblood             Tmut           12%        N/A       8%          2

Your spell library contained the following spells:

 Spells                   Type           Power      Damage    Failure   Level
 Ice Form                 Ice/Tmut       7%         N/A       71%         4


Dungeon Overview and Level Annotations

Branches:
Dungeon (3/15)

Altars:


Innate Abilities, Weirdness & Mutations

You have temporarily grown beastly horns and talons.
You are too large for most types of armour.
You have tough skin. (AC +1)


Message History

The endoplasm freezes you.
You are frozen.
The white imp gestures at you. The puff of frost hits you!
The bat hits you but does no damage.
You hit the quokka.
You kill the quokka!
The bat barely misses you. The endoplasm hits you. The bat closely misses you.
The bat hits you but does no damage. The endoplasm freezes you.
You are frozen.
The white imp gestures at you. The puff of frost hits you!
* * * LOW HITPOINT WARNING * * *
You climb upwards.
Your transformation is almost over.
There is a stone staircase leading down here.
You hit the white imp but do no damage. Your kick misses the white imp.
The endoplasm freezes you.
You are frozen.
* * * LOW HITPOINT WARNING * * *
The white imp barely misses you.
You hit the white imp but do no damage. The endoplasm barely misses you.
The white imp barely misses you.
Your magical contamination has completely faded away.
You hit the white imp but do no damage. You claw the white imp.
The white imp is moderately wounded.
The endoplasm barely misses you. The white imp hits you.
* * * LOW HITPOINT WARNING * * *
The white imp freezes you.
* * * LOW HITPOINT WARNING * * *
It was a potion of berserk rage.
A red film seems to cover your vision as you go berserk!
You feel yourself moving faster!
You feel mighty! The endoplasm freezes you.
You are frozen.
* * * LOW HITPOINT WARNING * * *
The white imp hits you.
* * * LOW HITPOINT WARNING * * *
The white imp freezes you.
You die...

#......#.##
#......#.#
####......#.##
#####....######.#.
#.........# ###...
#.........# #.....
#.........###.....
#.................
#@J.......###.....
#.5.......# #.....
#.........# #.....
#.........# #.....
#.........# ######
###########


You could see a white imp and an endoplasm.

Vanquished Creatures
  A water moccasin skeleton (D:2)
  2 adders
  3 orcs (D:2)
  3 endoplasms
  A goblin (D:2)
  A hobgoblin (D:2)
  2 jackals (D:1)
  3 kobolds (D:1)
  A quokka (D:3)
  5 ball pythons
  A frilled lizard (D:1)
  4 rats
27 creatures vanquished.

Notes
Turn   | Place    | Note
-------+----------+-------------------------------------------
     0 | D:1      | Armakuni the Ogre Transmuter began the quest for the Orb.
     0 | D:1      | Reached XP level 1. HP: 19/19 MP: 3/3
   176 | D:1      | Reached skill level 2 in Fighting
   252 | D:1      | Reached XP level 2. HP: 28/28 MP: 3/5
   550 | D:1      | Found a faded altar of an unknown god.
   845 | D:1      | Reached XP level 3. HP: 24/36 MP: 4/6
  1012 | D:2      | Reached skill level 3 in Fighting
  1016 | D:2      | Learned a level 3 spell: Spider Form
  1019 | D:2      | Learned a level 2 spell: Wereblood
  1566 | D:2      | Reached skill level 4 in Fighting
  1566 | D:2      | Reached XP level 4. HP: 30/48 MP: 5/7
  1802 | D:2      | Slain by a white imp

Illustrated notes

Levels and vault maps discovered:
D:1:      lightli_arrival_statue_moat, layout_rooms,
          nicolae_ecumenical_snake_handling
D:2:      layout_rooms
D:3:      layout_basic, fedhas_altar_4, grunt_ministairs_10, chequers_jeans,
          chequers_serial_rivers_small_b

Skill      XL: |  1  2  3 |
---------------+----------+-----
Transmutations | 2 3 |  3.2
Fighting       | 2 4 |  4.1
Dodging        | |  1.7
Unarmed Combat | |  2.6
Spellcasting   | |  2.4

Action                   |  1- 3 |  4- 6 || total
-------------------------+-------+-------++-------
Melee: Unarmed           |    75 |     8 ||    83
       Kick              |    11 |     1 ||    12
       Headbutt          |     6 |       ||     6
 Cast: Beastly Appendage |    15 |     1 ||    16
       Spider Form       |     1 |       ||     1
  Use: Potion            |       |     1 ||     1
Armor: Robe              |    15 |     6 ||    21
       Skin              |     1 |       ||     1
Dodge: Dodged            |    39 |    12 ||    51

Table legend: (Time is in decaauts)
 A = Elapsed time spent in this place.
 B = Non-inter-level travel time spent in this place.
 C = Inter-level travel time spent in this place.
 D = Time resting spent in this place.
 E = Time spent auto-exploring this place.
 F = Levels seen in this place.
 G = Mean time per level.
                   A        B        C        D        E       F      G
               +--------+--------+--------+--------+--------+-----+--------+
         Total |   1799 |   1763 |     36 |    390 |   1131 |   3 |  599.7 |
       Dungeon |   1799 |   1763 |     36 |    390 |   1131 |   3 |  599.7 |
               +--------+--------+--------+--------+--------+-----+--------+

Top non-repeatable levels by time:
     D:1: 981 daAuts
     D:2: 809 daAuts
     D:3: 8 daAuts
